 Dungeon Crawl Stone Soup version 0.22-a0-570-g58866f5 (webtiles) character file.

417 jamsan the Spear-Bearer (level 6, -1/48 HPs)
             Began as a Merfolk Monk on June 30, 2018.
             Killed by divine providence
             ... invoked by an orc priest
              (11 damage)
             ... on level 4 of the Dungeon.
             The game lasted 00:12:07 (5645 turns).

jamsan the Spear-Bearer (Merfolk Monk)              Turns: 5645, Time: 00:12:08

Health: -1/48      AC: 10    Str: 13    XL:     6   Next: 92%
Magic:  6/6        EV:  6    Int: 10    God:
Gold:   193        SH:  0    Dex: 20    Spells: 5/5 levels left

rFire    . . .     SeeInvis .   a - +0 spear
rCold    . . .     Gourm    .   (no shield)
rNeg     . . .     Faith    .   g - +0 plate armour
rPois    .         Spirit   .   (no helmet)
rElec    .         Reflect  .   (no cloak)
rCorr    .         Harm     .   (no gloves)
MR       .....                  (no boots)
Stlth    ..........             (no amulet)
HPRegen  0.16/turn              f - +2 ring of evasion
MPRegen  0.10/turn              (no ring)

@: no status effects
A: change form in water, swift swim, stealthy swim, agile 2
a: no special abilities


You were on level 4 of the Dungeon.
You were not hungry.

You visited 1 branch of the dungeon, and saw 4 of its levels.

You collected 193 gold pieces.

Inventory:

Hand Weapons
 a - a +0 spear (weapon)
Missiles
 j - 167 stones (quivered)
Armour
 g - a +0 plate armour (worn)
Jewellery
 f - a +2 ring of evasion (left hand)
Wands
 h - a wand of flame (18)
 r - a wand of polymorph (9)
Scrolls
 d - a scroll of fear
 e - 4 scrolls of identify
 k - 2 scrolls of magic mapping {unknown}
 l - a scroll of random uselessness {unknown}
 s - a scroll of noise {unknown}
Potions
 m - a potion of haste {unknown}
 n - a potion of berserk rage
 o - a potion of resistance
 q - a potion of might {unknown}
Comestibles
 c - 6 rations
 i - 3 chunks of flesh


   Skills:
 - Level 3.8 Fighting
 + Level 9.9 Polearms
 - Level 4.6 Dodging
 - Level 2.9 Stealth


You had 5 spell levels left.
You didn't know any spells.
Your spell library was empty.

Dungeon Overview and Level Annotations

Branches:
Dungeon (4/15)
 Temple: D:4-7

Altars:
Ashenzari
Makhleb
Nemelex Xobeh
Wu Jian

Annotations:
D:3 Sigmund


Innate Abilities, Weirdness & Mutations

You revert to your normal form in water.
You are very nimble and swift while swimming.
You are very stealthy in the water. (Stealth+)
You are very agile. (Dex +4)


Message History

You are too injured to fight recklessly!
You are too injured to fight recklessly!
You are too injured to fight recklessly!
Your plate armour prevents you from hitting the orc.
The orc barely misses you.
You hit the orc.
The orc is almost dead.
You hit the orc.
You kill the orc!
You hit the ogre but do no damage.
The orc priest looks braver for a moment.
You hit the ogre.
The ogre is lightly wounded.
The ogre hits you with a giant club!
* * * LOW HITPOINT WARNING * * *
You hit the ogre but do no damage.
The ogre is lightly wounded.
The orc priest calls down the wrath of Beogh upon you.
Beogh smites you!
You die...

................#.....##
######............###..##
##...........##.##..##
#...........##^..##..##
#..........##.^_^.##..##
#.........##.......##..#
#........##.....^^..##.# ##
##.......#...#####^..#.#
.##
#.......##.@#.#.#+.##.##
..##
##.......###O.#..###...####
...##
#######.....###..........##
....# ##.O.o..............#
....##
##......####..........
.....## ##..(....#
##.......## ......#
##.O......## #.......#
......#
#..........#####......#
......#
##o..........#....######


You could see an ogre and an orc priest.

Vanquished Creatures
  A bullfrog skeleton (D:4)
  4 hounds
  3 worker ants
  A hound skeleton (D:4)
  8 adders
  An ooze (D:2)
  3 worms
  4 dart slugs
  4 leopard geckos
  5 orcs (D:4)
  4 giant cockroaches
  11 goblins
  13 hobgoblins
  6 jackals
  2 quokkas (D:4)
  2 ball pythons
  5 bats
  3 frilled lizards
  8 kobolds
  7 rats
95 creatures vanquished.

Notes
Turn   | Place    | Note
-------+----------+-------------------------------------------
     0 | D:1      | jamsan the Merfolk Monk began the quest for the Orb.
     0 | D:1      | Reached XP level 1. HP: 18/18 MP: 1/1
    63 | D:1      | Reached XP level 2. HP: 19/24 MP: 2/2
   757 | D:1      | Reached XP level 3. HP: 29/29 MP: 3/3
   957 | D:1      | Reached skill level 5 in Polearms
  1381 | D:2      | Found a shattered altar of Ashenzari.
  1462 | D:2      | Reached XP level 4. HP: 20/37 MP: 4/4
  1645 | D:2      | Found an ornate altar of the Wu Jian Council.
  1850 | D:2      | Reached skill level 6 in Polearms
  1927 | D:2      | Found a burning altar of Makhleb.
  2037 | D:2      | Reached XP level 5. HP: 15/42 MP: 5/5
  2319 | D:2      | Reached skill level 7 in Polearms
  3799 | D:3      | Noticed Sigmund
  3907 | D:4      | Reached skill level 8 in Polearms
  3907 | D:4      | Reached XP level 6. HP: 42/48 MP: 6/6
  4672 | D:4      | Reached skill level 9 in Polearms
  4916 | D:4      | Found a sparkling altar of Nemelex Xobeh.
  5638 | D:4      | Gained mutation: You are agile. (Dex +2) [potion of mutation]
  5638 | D:4      | Gained mutation: You are very agile. (Dex +4) [potion of mutation]
  5645 | D:4      | Killed from afar by an orc priest

Vault maps used:
D:1:      dpeg_arrival_arbitrary_a
D:2:      makhleb_heckhound_becter, nicolae_ashenzari_panopticon,
          old_standard_altar, first_ration, hex_medium
D:3:      doesnt_xom_only_xom, guppyfry_early_lair_pool, uniq_sigmund
D:4:      nemelex_spade_bored_becter

Skill      XL: |  1  2  3  4  5  6 |
---------------+-------------------+-----
Polearms       | 5 6 8 9 |  9.9
Fighting       | |  3.8
Dodging        | |  4.6
Stealth        | |  2.9

Action                   |  1- 3 |  4- 6 || total
-------------------------+-------+-------++-------
Melee: Spear             |   144 |   362 ||   506
Throw: Stone             |     5 |    58 ||    63
Evoke: Wand              |       |    15 ||    15
  Use: Potion            |       |     6 ||     6
       Scroll            |       |     4 ||     4
 Stab: Sleeping          |     7 |     1 ||     8
  Eat: Chunk             |     2 |     6 ||     8
       Ration            |       |     2 ||     2
Armor: Robe              |    18 |    36 ||    54
       Plate armour      |       |   106 ||   106
Dodge: Dodged            |    62 |   167 ||   229

Table legend:
 A = Spawn XP
 B = Non-spawn XP
 C = Spawn XP percentage of total XP
 D = Spawn monster count
 E = Non-spawn monster count
 F = Spawn count percentage of total count
 G = Total turns spent on level
                    A         B        C        D         E        F      G
               +---------+---------+-------+---------+---------+-------+---------
         Total |       0 |     596 |   0.0 |       0 |      95 |   0.0 |  5645
               +---------+---------+-------+---------+---------+-------+---------
           D:1 |       0 |      56 |   0.0 |       0 |      31 |   0.0 |  1250
           D:2 |       0 |     147 |   0.0 |       0 |      24 |   0.0 |  1487
           D:3 |       0 |      85 |   0.0 |       0 |      21 |   0.0 |  1503
           D:4 |       0 |     308 |   0.0 |       0 |      19 |   0.0 |  1405
               +---------+---------+-------+---------+---------+-------+---------
